 Dungeon Crawl Stone Soup version 0.17.1-2-g5865329 (webtiles) character file.

565 ololoev the Chopper (level 7, 52/52 HPs)
             Began as a Demonspawn Fighter on Jan 25, 2016.
             Quit the game on level 5 of the Dungeon.
             The game lasted 00:06:12 (903 turns).

ololoev the Chopper (Demonspawn Fighter)             Turns: 903, Time: 00:06:13

Health: 52/52      AC: 10    Str: 18    XL:     7   Next: 10%
Magic:  7/7        EV:  7    Int:  5    God:
Gold:   133        SH:  9    Dex: 13    Spells: 0 memorised, 6 levels left

rFire  + . .     SeeInvis .     a - +0 war axe
rCold  . . .     Clarity  +     l - +0 scale mail
rNeg   . . .     SustAt   .     c - +0 shield
rPois  .         Gourm    .     (helmet unavailable)
rElec  .         Spirit   .     (no cloak)
rCorr  .         Warding  .     (no gloves)
rMut   .         Stasis   .     (no boots)
MR     .....                    (no amulet)
Stlth  ..........               (no ring)
                                p - +3 ring of protection

@: not resistant to hostile enchantments, extremely unstealthy
A: horns 3, blurry vision 2, clarity, demonic guardian 1, dopey 2, fire
resistance 1, regeneration 1
a: no special abilities


Innate Abilities, Weirdness & Mutations

You have a pair of large horns on your head.
A weak demonic guardian rushes to your aid.
Scrolls take you longer to read.
You possess an exceptional clarity of mind.
You are very dopey. (Int -4)
Your flesh is heat resistant.
Your natural rate of healing is unusually fast.

Inventory:

Hand Weapons
 a - a +0 war axe (weapon)
 b - a +0 blowgun
Missiles
 m - a poisoned needle
Armour
 c - a +0 shield (worn)
 l - a +0 scale mail (worn)
Jewellery
 p - a +3 ring of protection (left hand)
Scrolls
 g - a scroll of teleportation {unknown}
 h - 2 scrolls of noise {unknown}
 i - a scroll of fog {unknown}
 j - a scroll of enchant armour {unknown}
 n - 2 scrolls of remove curse {unknown}
 o - a scroll of random uselessness {unknown}
 r - 2 scrolls of recharging {unknown}
 u - a scroll of immolation {unknown}
 v - 2 scrolls of identify {unknown}
Comestibles
 d - a slice of pizza
 e - a bread ration
 q - a meat ration


   Skills:
 - Level 3.0 Fighting
 * Level 5.3 Axes
 + Level 2.7 Throwing
 + Level 4.4 Armour
 - Level 2.6 Shields


You had 6 spell levels left.
You didn't know any spells.


You were on level 5 of the Dungeon.
You were not hungry.

You visited 1 branch of the dungeon, and saw 5 of its levels.

You collected 133 gold pieces.

+.. #....#.........#
#....#....'.........#
#....#....#.........#
#....#....#.........#
##+###... #..######..#####
#.......###..###.##..##..#
#.......#....+...#.......#
#.......'....#...'.......#
#.......#....#..@######..#
+.......#....#...# ###
#.......#....#...+
#.......####+#####
............ .............
.............
.............
.............

Notes
Turn   | Place    | Note
--------------------------------------------------------------
     0 | D:1      | ololoev the Demonspawn Fighter began the quest for the Orb.
     0 | D:1      | Reached XP level 1. HP: 18/18 MP: 1/1
    96 | D:2      | Found an iron altar of Okawaru.
   104 | D:2      | Gained mutation: You have a pair of small horns on your head. [demonic ancestry]
   104 | D:2      | Reached XP level 2. HP: 12/24 MP: 2/2
   337 | D:4      | Gained mutation: A weak demonic guardian rushes to your aid. [demonic ancestry]
   337 | D:4      | Reached XP level 3. HP: 29/29 MP: 3/3
   343 | D:4      | Found a glowing golden altar of the Shining One.
   430 | D:4      | Noticed Menkaure
   437 | D:4      | Killed Menkaure
   437 | D:4      | Reached skill level 1 in Throwing
   437 | D:4      | Gained mutation: You have a pair of horns on your head. [demonic ancestry]
   437 | D:4      | Reached XP level 4. HP: 35/35 MP: 4/4
   437 | D:4      | Gained mutation: You have a pair of large horns on your head. [demonic ancestry]
   437 | D:4      | Reached XP level 5. HP: 41/41 MP: 5/5
   512 | D:5      | Entered Level 5 of the Dungeon
   527 | D:4      | Noticed a phantom
   566 | D:4      | Reached skill level 4 in Axes
   581 | D:4      | Killed a phantom
   581 | D:4      | Reached XP level 6. HP: 30/47 MP: 6/6
   680 | D:4      | Gained mutation: Potions and wands are less effective at restoring your health. [potion of mutation]
   680 | D:4      | Lost mutation: Potions and wands are less effective at restoring your health. [potion of mutation]
   680 | D:4      | Gained mutation: Scrolls take you a little longer to read. [potion of mutation]
   682 | D:4      | Gained mutation: Your flesh is heat resistant. [potion of mutation]
   682 | D:4      | Gained mutation: Scrolls take you longer to read. [potion of mutation]
   682 | D:4      | Gained mutation: You are dopey. (Int -2) [potion of mutation]
   743 | D:4      | Reached skill level 5 in Axes
   799 | D:5      | Found a stormy altar of Qazlal.
   807 | D:5      | Gained mutation: You are very dopey. (Int -4) [potion of mutation]
   807 | D:5      | Gained mutation: You possess an exceptional clarity of mind. [potion of mutation]
   807 | D:5      | Gained mutation: Your natural rate of healing is unusually fast. [potion of mutation]
   863 | D:5      | Noticed a phantom
   883 | D:5      | Killed a phantom
   883 | D:5      | Reached XP level 7. HP: 52/52 MP: 7/7
   903 | D:5      | Quit the game

Dungeon Overview and Level Annotations

Branches:
Dungeon (5/15)
 Temple: D:4-7

Altars:
Okawaru
Qazlal
The Shining One


Message History

The phantom is moderately damaged.
Your crimson imp blinks!
You block the phantom's attack.
You hit the phantom but do no damage. Your headbutt misses the phantom.
The phantom is moderately damaged.
Your crimson imp misses the phantom.
You block the phantom's attack.
Your crimson imp closely misses the phantom.
The phantom hits you.
You closely miss the phantom.
The phantom is moderately damaged.
Your crimson imp barely misses the phantom.
The phantom barely misses you.
You barely miss the phantom. Your headbutt misses the phantom.
The phantom is moderately damaged.
Your crimson imp hits the phantom.
The phantom hits you but does no damage.
You closely miss the phantom.
The phantom is moderately damaged.
Your crimson imp hits the phantom.
The phantom barely misses you.
Your crimson imp blinks!
You closely miss the phantom.
The phantom is heavily damaged.
Your crimson imp disappears in a puff of smoke!
The phantom hits you. x2
You barely miss the phantom.
The phantom is moderately damaged.
You block the phantom's attack.
You slash the phantom! Your headbutt misses the phantom.
The phantom is severely damaged.
You block the phantom's attack.
You hit the phantom.
The phantom is almost destroyed.
You block the phantom's attack.
The phantom hits you but does no damage.
You hit the phantom.
You destroy the phantom!
You have reached level 7!
You open the door.
There is an open door here.
Are you sure you want to abandon this character and quit the game? (Confirm with "yes".)

There were no monsters in sight!

Vanquished Creatures
  A phantom (D:5)
  A scorpion (D:4)
  An orc priest (D:4)
  A hound (D:4)
  A centaur skeleton (D:4)
  A gnoll shaman (D:4)
  2 orc wizards (D:4)
  2 worker ants (D:4)
  3 adders
  2 gnolls (D:4)
  2 giant geckos (D:4)
  5 orcs
  A ball python (D:1)
  2 hobgoblins (D:1)
  3 kobolds
  A quokka (D:4)
  A bat (D:1)
  A giant gecko skeleton (D:4)
  A giant newt (D:1)
  2 goblins
  A rat (D:1)
35 creatures vanquished.

Vanquished Creatures (collateral kills)
  Menkaure (D:4)
  A phantom (D:4)
  A gnoll (D:4)
  A worm (D:4)
  An orc (D:4)
5 creatures vanquished.

Grand Total: 40 creatures vanquished

Action                   |  1- 3 |  4- 6 |  7- 9 || total
-------------------------+-------+-------+-------++-------
Melee: War axe           |    36 |    67 |       ||   103
 Fire: Blowgun           |     5 |    13 |       ||    18
  Use: Potion            |     1 |     7 |       ||     8
 Stab: Distracted        |       |     1 |       ||     1

Vault maps used:
D:1:      mushboom_english_gardens
D:2:      wad_pebble_path, lemuel_round_altar, old_standard_altar,
          okawaru_metal_pillars_3, kennysheep_generic_room_16, uniq_jessica
D:3:      first_bread, minmay_fountain_box, serial_park_tiny_2,
          minmay_box_of_dots
D:4:      grunt_temple_overflow_lords_of_destruction,
          nicolae_tso_swordbearing_angel, kennysheep_mini_moat, uniq_menkaure
D:5:      lemuel_crystal_altar, serial_shops, shop
